 Dungeon Crawl Stone Soup version 0.19.0 (webtiles) character file.

877 Danakh the Chopper (level 7, 0/61 (62) HPs)
             Began as a Minotaur Fighter on Nov 6, 2016.
             Was a Believer of Okawaru.
             Slain by a slime creature (3 damage)
             ... on level 6 of the Dungeon.
             The game lasted 00:10:42 (5140 turns).

Danakh the Chopper (Minotaur Fighter)               Turns: 5140, Time: 00:10:44

HP:   0/61 (62)     AC:  0    Str: 22    XL:     7   Next: 75%
MP:   6/6           EV:  8    Int:  5    God:    Okawaru [**....]
Gold: 270           SH: 10    Dex: 10    Spells: 0 memorised, 6 levels left

rFire  . . .     SeeInvis .     a - +0 war axe
rCold  . . .     Gourm    .     C - +0 scale mail (curse)
rNeg   . . .     Faith    .     c - +0 shield
rPois  .         Spirit   .     (helmet restricted)
rElec  .         Reflect  .     (no cloak)
rCorr  .         Harm     .     (no gloves)
MR     .....                    (no boots)
Stlth  ..........               (no amulet)
                                (no ring)
                                (no ring)

@: corroded
A: retaliatory headbutt, horns 2
a: Heroism, Renounce Religion


You were on level 6 of the Dungeon.
You worshipped Okawaru.
Okawaru was pleased with you.
You were not hungry.

You visited 1 branch of the dungeon, and saw 6 of its levels.

You collected 270 gold pieces.

Inventory:

Hand Weapons
 a - a +0 war axe (weapon)
 A - the +1 falchion "Tuanamp" {venom, rF+}
   (You found it on level 6 of the Dungeon)

   It poisons the flesh of those it strikes.
   It protects you from fire.
Armour
 b - a +0 scale mail
 c - a +0 shield (worn)
 C - a cursed +0 scale mail (worn)
Wands
 l - a wand of polymorph (7/24)
 o - a wand of confusion (12/48)
 y - a wand of flame (20/48)
Scrolls
 g - 5 scrolls of identify {unknown}
 h - a scroll of magic mapping {unknown}
 i - 3 scrolls of teleportation {unknown}
 j - 7 scrolls of remove curse {unknown}
 q - a scroll of recharging {unknown}
 t - a scroll of enchant weapon {unknown}
 w - a scroll of amnesia {unknown}
 z - a scroll of fear {unknown}
Potions
 d - 3 potions of might
 e - 2 potions of haste {unknown}
 m - 3 potions of lignification {unknown}
 n - a potion of brilliance {unknown}
 p - 3 potions of agility {unknown}
 u - a potion of heal wounds {unknown}
 v - 2 potions of curing
Comestibles
 f - 5 bread rations
 k - a meat ration
 r - 2 royal jellies
 s - a fruit
 x - a beef jerky
 B - 2 chunks of flesh


   Skills:
 + Level 5.7 Fighting
 * Level 7.2 Axes
 + Level 6.0 Armour
 + Level 5.9 Shields


You had 6 spell levels left.
You didn't know any spells.

Dungeon Overview and Level Annotations

Branches:
Dungeon (6/15)
 Temple: D:4-7

Altars:
Hepliaklqana
Nemelex Xobeh
Okawaru
Ru
Sif Muna
Vehumet
Xom

Shops:
D:5 }


Innate Abilities, Weirdness & Mutations

You reflexively headbutt those who attack you in melee.
You have a pair of horns on your head.


Message History

You kill the jelly!
You slash the slime creature!
The slime creature is moderately wounded.
The ooze jiggles.
You block the slime creature's attack.
You slash the slime creature!
The slime creature is moderately wounded.
The slime creature hits you!
You hit the slime creature but do no damage.
You headbutt the slime creature, but do no damage.
The slime creature is moderately wounded.
The slime creature hits you!
* * * LOW HITPOINT WARNING * * *
You hit the slime creature.
You headbutt the slime creature, but do no damage.
The slime creature is moderately wounded.
The slime creature hits you!
* * * LOW HITPOINT WARNING * * *
The slime creature hits you.
You die...

+.........'.....#
#.........####...
##.......## ##.# ##.....##
### ##...## ### ##+## #..J#
#.# PP.JJJ#########.#
JJ.JJJJJJJ@...#.##
JP..JJ#######....##########
#JJ.# #..................
#########.###....##########
#........# #.#.##
####.#######.###
#.........# ###########


You could see a slime creature, 3 jellies and 8 oozes.

Vanquished Creatures
  A necrophage (D:6)
  A phantom (D:6)
  An ogre (D:5)
  2 bullfrogs (D:6)
  A scorpion (D:5)
  A howler monkey (D:4)
  3 jellies (D:6)
  2 orc priests (D:4)
  Ijyb (D:2)
  An iguana (D:4)
  A worker ant (D:6)
  4 gnolls (D:5)
  3 adders
  2 oozes (D:6)
  An adder skeleton (D:4)
  A worm (D:4)
  2 dart slugs
  A leopard gecko (D:1)
  8 orcs
  9 giant cockroaches
  13 goblins
  11 hobgoblins
  8 jackals (D:2)
  3 quokkas
  A ball python (D:3)
  8 bats
  2 frilled lizards
  8 kobolds
  3 rats
103 creatures vanquished.

Vanquished Creatures (others)
  5 fungi (D:6)
5 creatures vanquished.

Grand Total: 108 creatures vanquished

Notes
Turn   | Place    | Note
-------+----------+-------------------------------------------
     0 | D:1      | Danakh the Minotaur Fighter began the quest for the Orb.
     0 | D:1      | Reached XP level 1. HP: 19/19 MP: 0/0
   152 | D:1      | Reached XP level 2. HP: 27/27 MP: 1/1
   265 | D:1      | Reached skill level 3 in Axes
   909 | D:2      | Found an iron altar of Okawaru.
   919 | D:2      | Became a worshipper of Warmaster Okawaru
   967 | D:2      | Reached XP level 3. HP: 32/33 MP: 2/2
  1090 | D:2      | Noticed Ijyb
  1107 | D:2      | Killed Ijyb
  1107 | D:2      | Reached skill level 4 in Axes
  1312 | D:2      | Found a faded altar of an unknown god.
  1343 | D:2      | Reached XP level 4. HP: 40/40 MP: 3/3
  2120 | D:3      | Found a hazy altar of Hepliaklqana.
  2202 | D:3      | Found a sacrificial altar of Ru.
  2570 | D:3      | Found a shimmering altar of Xom.
  2686 | D:4      | Reached XP level 5. HP: 46/46 MP: 4/4
  2818 | D:4      | Reached skill level 5 in Axes
  3076 | D:4      | Reached skill level 5 in Armour
  3076 | D:4      | Reached XP level 6. HP: 6/53 MP: 5/5
  3775 | D:5      | Entered Level 5 of the Dungeon
  3838 | D:5      | Reached skill level 5 in Shields
  3869 | D:5      | Found a radiant altar of Vehumet.
  3885 | D:5      | Found Eshet's Gadget Shop.
  4164 | D:5      | Reached * piety under Okawaru
  4164 | D:5      | Reached skill level 5 in Fighting
  4164 | D:5      | Reached skill level 6 in Axes
  4727 | D:6      | Reached XP level 7. HP: 44/61 MP: 6/6
  4889 | D:6      | Got a warped falchion
  4890 | D:6      | Identified the +1 falchion "Tuanamp" {venom, rF+} (You found it on level 6 of the Dungeon)
  5007 | D:6      | Found a sparkling altar of Nemelex Xobeh.
  5050 | D:6      | Found a deep blue altar of Sif Muna.
  5059 | D:6      | Reached ** piety under Okawaru
  5059 | D:6      | Reached skill level 7 in Axes
  5125 | D:6      | Noticed a slime creature
  5140 | D:6      | HP: 3/61 [slime creature (11)]
  5140 | D:6      | Slain by a slime creature

Skill      XL: |  1  2  3  4  5  6  7 |
---------------+----------------------+-----
Axes           | 3 4 5 6 7 |  7.2
Shields        | 4 5 |  5.9
Armour         | 4 5 6 |  6.0
Fighting       | 4 5 |  5.7

Action                   |  1- 3 |  4- 6 |  7- 9 || total
-------------------------+-------+-------+-------++-------
Melee: War axe           |    93 |   177 |    33 ||   303
       Headbutt          |    14 |    24 |     4 ||    42
  Eat: Chunk             |     1 |     9 |     2 ||    12
       Fruit             |       |     2 |       ||     2
Armor: Scale mail        |    38 |    68 |     9 ||   115
Dodge: Dodged            |    27 |    48 |     4 ||    79
Block: Shield            |    48 |    95 |    10 ||   153
